 Dungeon Crawl Stone Soup version 0.19-a0-628-g9200b3b (webtiles) character file.

15707 khekkus the Severer (level 12, -1/104 HPs)
             Began as a Minotaur Fighter on June 13, 2016.
             Was an Elder of Hepliaklqana.
             Killed from afar by a lich (17 damage)
             ... with a bolt of lightning
             ... on level 3 of the Abyss.
             The game lasted 00:38:33 (11907 turns).

khekkus the Severer (Minotaur Fighter)             Turns: 11907, Time: 00:38:33

Health: -1/104     AC: 23    Str: 26 (27) XL:     12   Next: 3%
Magic:  14/14      EV: 10    Int:  8 (9)  God:    Hepliaklqana [****..]
Gold:   432        SH:  6    Dex: 14      Spells: 0 memorised, 11 levels left

rFire  . . .     SeeInvis +     a - +6 battleaxe of Symmetry {elec, rPois rC- Str+6 Int+3}
rCold  x . .     Gourm    .     K - +1 plate armour
rNeg   . . .     Faith    .     (shield currently unavailable)
rPois  +         Spirit   .     l - +2 hat
rElec  .         Dismiss  .     g - +2 cloak
rCorr  .         Reflect  +     m - +0 pair of gloves
SustAt .         Harm     .     r - +0 pair of boots
MR     +....                    d - +6 amulet of reflection
Stlth  ..........               B - ring of protection from magic
                                u - ring of see invisible

@: drained, somewhat resistant to hostile enchantments, extremely unstealthy
A: retaliatory headbutt, horns 2, deterioration 2, wild magic 1, MP-powered
wands
a: Recall Ancestor, Ancestor Identity, Transference, Idealise, Renounce Religion


You were on level 3 of the Abyss.
You worshipped Hepliaklqana.
Hepliaklqana was greatly pleased with you.
You were not hungry.

You visited 3 branches of the dungeon, and saw 14 of its levels.
You visited the Abyss 1 time.
You also visited: Sewer.

You collected 731 gold pieces.
You spent 299 gold pieces at shops.

Inventory:

Hand Weapons
 a - the +6 battleaxe of Symmetry (weapon) {elec, rPois rC- Str+6 Int+3}
   (You bought it in a shop on level 5 of the Dungeon)

   Occasionally, upon striking a foe, it will discharge some electrical energy
   and cause terrible harm.
   It affects your strength (+6).
   It affects your intelligence (+3).
   It makes you vulnerable to cold.
   It protects you from poison.
 b - a +1 war axe
Armour
 c - a +0 shield
 g - a +2 cloak (worn)
 l - a +2 hat (worn)
 m - a +0 pair of gloves (worn)
 r - a +0 pair of boots (worn)
 K - a +1 plate armour (worn)
 Q - a quicksilver dragon hide
Jewellery
 d - a +6 amulet of reflection (around neck)
 o - an uncursed amulet of rage
 s - an uncursed ring of resist corrosion
 u - a ring of see invisible (left hand)
 B - a ring of protection from magic (right hand)
 D - an uncursed ring of flight
 E - an uncursed ring of sustain attributes
Wands
 x - a wand of disintegration (11/24)
 C - a wand of acid (12/15)
 L - a wand of lightning (9/15)
 P - a wand of flame (13/48)
Scrolls
 e - 6 scrolls of remove curse
 i - 2 scrolls of enchant weapon
 k - 7 scrolls of teleportation
 y - a scroll of magic mapping
 z - a scroll of amnesia
 F - a scroll of enchant armour
 G - 4 scrolls of identify
 N - a scroll of blinking
Potions
 h - a potion of agility
 j - 6 potions of curing
 p - 2 potions of resistance
 q - 2 potions of cure mutation
 t - a potion of cancellation
 w - 3 potions of magic
 A - 4 potions of haste
 J - a potion of flight
Books
 n - a book of Frost

   Spells                             Type                      Level
   a - Freeze                         Ice                          1
   b - Throw Frost                    Conjuration/Ice              2
   c - Ozocubu's Armour               Charms/Ice                   3
   d - Throw Icicle                   Conjuration/Ice              4
   e - Summon Ice Beast               Ice/Summoning                4
 M - a book of the Warp

   Spells                             Type                      Level
   a - Recall                         Summoning/Translocation      3
   b - Gell's Gravitas                Hexes/Translocation          3
   c - Force Lance                    Conjuration/Translocation    4
   d - Warp Weapon                    Charms/Translocation         5
   e - Summon Forest                  Summoning/Translocation      5
Comestibles
 f - 14 bread rations
 v - 3 meat rations
 H - a royal jelly
 I - 13 fruits
 O - a beef jerky


   Skills:
 + Level 9.0(8.6) Fighting
 * Level 16.7(16.3) Axes
 + Level 9.0(8.7) Armour
 - Level 5.0(4.7) Dodging
 - Level 6.2(5.9) Shields
 - Level 1.1(0.8) Invocations
 - Level 5.0(4.7) Evocations


You had 11 spell levels left.
You didn't know any spells.

Dungeon Overview and Level Annotations

Branches:
Dungeon (11/15)            Temple (1/1) D:5            Lair (2/6) D:11
    Orc (0/2) D:10
  Swamp: Lair:2-4    Shoals: Lair:2-4     Snake: Lair:2-4    Spider: Lair:2-4

Altars:
Ashenzari
Cheibriados
Dithmenos
Elyvilon
Fedhas
Gozag
Hepliaklqana
Kikubaaqudgha
Makhleb
Nemelex Xobeh
Okawaru
Pakellas
Qazlal
Ru
Sif Muna
Trog
Uskayaw
Vehumet
Xom
Yredelemnul
Zin
The Shining One
Beogh

Shops:
D:5 *}   D:8 [

Annotations:
D:4 grate to destroy
D:9 exclusion: oklob plant
Lair:2 tstbtto's ghost, journeyman CeBe


Innate Abilities, Weirdness & Mutations

You reflexively headbutt those who attack you in melee.
You have a pair of horns on your head.
Your spells are a little harder to cast, but a little more powerful.
[Your body often deteriorates upon taking damage.]
[You expend magic power (3 MP) to strengthen your wands.]


Message History

Raekwon hits the lich with a dagger of draining.
You hear a bark!
You hit the lich.
There is a sudden explosion of sparks!
The lich is heavily damaged.
The lich casts a spell at you. You resist with significant effort.
Raekwon barely misses the lich.
The lich touches you but does no damage.
You closely miss the lich.
The lich is heavily damaged.
The lich closely misses you. You furiously retaliate!
You headbutt the lich!
Raekwon hits the lich with a dagger of draining.
You slice the lich!!
The lich is almost destroyed.
You hear a bark! x2
The lich casts a spell at you. The bolt of lightning hits you!
* * * LOW HITPOINT WARNING * * *
Your body deteriorates!
You feel dopey. The bolt of lightning hits you!
You die...

## ## #... #. .
#.#. .# ..
#..##L#.# .#
#.#.@R..#
#...##...#...#
#...### ##.#
####
#####..#..#.....
#.....##.####..
.# #.. .R# .
...#. .... .#.
#.#. .. ..#.#. .
#. .#
##..#...... #.
#..#.#.
#......###


You could see the friendly Raekwon the hexer and a lich.

Vanquished Creatures
  Gastronok (D:9)
  A wretched star (Abyss:3)
  A hill giant (D:11)
  A cyclops (D:11)
  A large abomination (Abyss:3)
  A centaur skeleton (D:10)
  3 komodo dragons
  2 trolls
  The ghost of tstbtto the Poker, an amateur CeGl (D:4)
  Grinder (D:4)
  A spriggan (D:7)
  3 yaks (Lair:2)
  4 fire bats (Abyss:3)
  A water elemental (D:11)
  4 hippogriffs
  Edmund (D:6)
  A neqoxec (Abyss:3)
  A harpy simulacrum (Abyss:3)
  Duvessa (D:5)
  3 porcupines
  2 water moccasins (Lair:1)
  6 ice beasts
  A black bear (D:8)
  3 phantoms
  An eye of draining (D:11)
  3 small abominations (Abyss:3)
  6 ogres
  A necrophage (D:5)
  8 orc warriors
  3 wolves (D:11)
  3 centaurs
  A crocodile (Lair:2)
  6 giant frogs
  A gnoll sergeant (D:7)
  Dowan (D:5)
  A wyvern zombie (D:11)
  7 killer bees
  4 scorpions
  3 wights (D:11)
  2 howler monkeys (D:5)
  A crimson imp (D:7)
  A wasp zombie (D:9)
  6 hounds
  11 orc priests
  5 jellies
  10 orc wizards
  5 iguanas
  4 hell rats (Lair:2)
  5 worker ants
  A hound zombie (D:4)
  A worker ant zombie (D:9)
  11 gnolls
  3 river rats (Sewer)
  11 adders
  A shadow imp (D:9)
  An ufetubus (Abyss:3)
  3 oozes
  3 adder zombies
  A dart slug (D:1)
  7 giant geckos
  63 orcs
  9 giant cockroaches
  6 goblins
  9 hobgoblins
  10 jackals
  4 quokkas
  2 ball pythons
  A ball python skeleton (D:6)
  3 bats
  A giant gecko skeleton (D:5)
  17 giant newts
  A jackal zombie (D:5)
  19 kobolds
  16 rats
  4 fungi
352 creatures vanquished.

Vanquished Creatures (collateral kills)
  A hill giant (D:11)
  The ghost of Nico3ck the Chopper, a novice OpFi (D:5)
  Prince Ribbit (D:6)
  Grum (D:11)
  An orc warrior (D:10)
  A big kobold (D:11)
  A killer bee (D:11)
  3 iguanas
  An orc wizard (D:6)
  An adder (D:8)
  2 gnolls (D:7)
  4 orcs
18 creatures vanquished.

Vanquished Creatures (others)
  3 hexers
  4 ancestors
  A white imp (Abyss:3)
  8 plants (D:11)
16 creatures vanquished.

Grand Total: 386 creatures vanquished

Notes
Turn   | Place    | Note
--------------------------------------------------------------
     0 | D:1      | khekkus the Minotaur Fighter began the quest for the Orb.
     0 | D:1      | Reached XP level 1. HP: 19/19 MP: 0/0
    39 | D:1      | Reached skill level 3 in Axes
   157 | D:1      | Reached XP level 2. HP: 26/26 MP: 1/1
   393 | D:1      | Reached skill level 4 in Axes
   578 | D:1      | Reached XP level 3. HP: 31/31 MP: 2/2
   956 | D:2      | Reached skill level 5 in Axes
  1029 | D:2      | Reached XP level 4. HP: 39/39 MP: 3/3
  1122 | D:2      | Found a hide-covered altar of Uskayaw.
  1128 | D:2      | Found a sacrificial altar of Ru.
  2120 | D:3      | Reached XP level 5. HP: 45/45 MP: 4/4
  2177 | D:3      | Reached skill level 6 in Axes
  2470 | D:3      | Found a glowing drain.
  2477 | Sewer    | Entered a sewer
  2854 | D:3      | You fall through a shaft for 2 floors!
  2854 | D:5      | Entered Level 5 of the Dungeon
  2854 | D:5      | Noticed an ogre
  2859 | D:5      | Killed an ogre
  2859 | D:5      | Reached skill level 7 in Axes
  2859 | D:5      | Reached skill level 5 in Shields
  2859 | D:5      | Reached XP level 6. HP: 20/51 MP: 5/5
  2868 | D:5      | Noticed an ice beast
  2872 | D:5      | Killed an ice beast
  2875 | D:5      | Reached skill level 8 in Axes
  2875 | D:5      | Reached XP level 7. HP: 26/57 MP: 6/6
  2877 | D:5      | Noticed Duvessa
  2885 | D:5      | Killed Duvessa
  2906 | D:5      | Noticed Dowan
  2913 | D:5      | Killed Dowan
  3021 | D:5      | Found Vaevuk's Gadget Shop.
  3072 | D:5      | Found a radiant altar of Vehumet.
  3117 | D:5      | Reached skill level 9 in Axes
  3235 | D:4      | Reached skill level 1 in Evocations
  3337 | D:4      | Noticed Grinder
  3338 | D:4      | Paralysed by Grinder for 6 turns
  3351 | D:4      | Killed Grinder
  3351 | D:4      | Reached XP level 8. HP: 64/64 MP: 6/8
  3497 | D:4      | Noticed tstbtto's ghost (amateur CeGl)
  3519 | D:4      | Killed tstbtto's ghost
  3519 | D:4      | Reached skill level 10 in Axes
  3561 | D:4      | Found a glowing silver altar of Zin.
  4158 | D:4      | Reached skill level 11 in Axes
  4745 | D:5      | Found a staircase to the Ecumenical Temple.
  4751 | Temple   | Entered the Ecumenical Temple
  4836 | Temple   | Became a worshipper of Hepliaklqana
  4912 | D:5      | Found Vafobav's Assorted Antiques.
  5135 | D:5      | Noticed Nico3ck's ghost (novice OpFi)
  5142 | D:5      | Killed Nico3ck's ghost
  5144 | D:5      | Reached XP level 9. HP: 72/72 MP: 10/10
  5238 | D:5      | Gained mutation: Your spells are a little harder to cast, but a little more powerful. [potion of beneficial mutation]
  5386 | D:6      | Found an oddly glowing altar of Pakellas.
  5544 | D:6      | Reached skill level 5 in Fighting
  5589 | D:5      | Bought a pitted battleaxe for 299 gold pieces
  5595 | D:5      | Identified the +6 battleaxe of Symmetry {elec, rPois rC- Str+6 Int+3} (You bought it in a shop on level 5 of the Dungeon)
  5650 | D:6      | Noticed Edmund
  5658 | D:6      | Killed Edmund
  5719 | D:6      | Reached skill level 12 in Axes
  5735 | D:6      | Noticed Prince Ribbit
  5740 | D:6      | Reached skill level 5 in Armour
  5751 | D:6      | Killed Prince Ribbit
  5776 | D:6      | Reached * piety under Hepliaklqana
  7023 | D:7      | Reached XP level 10. HP: 62/84 MP: 12/12
  7384 | D:7      | Reached skill level 13 in Axes
  7451 | D:8      | Found Zues's Armour Emporium.
  7493 | D:8      | Reached skill level 5 in Evocations
  7742 | D:9      | Reached skill level 1 in Dodging
  7823 | D:9      | Found an oddly glowing altar of Pakellas.
  7823 | D:9      | Noticed an oklob plant
  7868 | D:9      | Noticed Gastronok
  7881 | D:9      | Killed Gastronok
  7881 | D:9      | Reached skill level 14 in Axes
  8350 | D:9      | Reached ** piety under Hepliaklqana
  8351 | D:9      | Remembered your ancestor Raekwon as a hexer
  8585 | D:9      | Found a blossoming altar of Fedhas.
  8866 | D:10     | Entered Level 10 of the Dungeon
  9086 | D:10     | Reached skill level 5 in Dodging
  9096 | D:10     | Reached skill level 15 in Axes
  9166 | D:10     | Reached XP level 11. HP: 67/91 MP: 13/13
  9342 | D:10     | Found a roughly hewn altar of Beogh.
  9342 | D:10     | Found a staircase to the Orcish Mines.
  9820 | D:11     | Noticed a hill giant
  9835 | D:11     | Killed a hill giant
  9966 | D:11     | Found a staircase to the Lair.
  9966 | D:11     | Noticed Grum
 10010 | D:11     | Killed Grum
 10070 | D:11     | Reached *** piety under Hepliaklqana
 10395 | D:11     | Noticed a hill giant
 10401 | D:11     | Killed a hill giant
 10401 | D:11     | Reached skill level 16 in Axes
 10401 | D:11     | Reached skill level 1 in Invocations
 10531 | Lair:1   | Entered Level 1 of the Lair of Beasts
 10779 | Lair:1   | Reached **** piety under Hepliaklqana
 11188 | Lair:2   | Noticed an eight-headed hydra
 11282 | Lair:2   | Noticed tstbtto's ghost (journeyman CeBe)
 11632 | Lair:1   | Cast into level 3 of the Abyss (a distortion unwield)
 11803 | Abyss:3  | Noticed a wretched star
 11809 | Abyss:3  | Killed a wretched star
 11809 | Abyss:3  | Reached XP level 12. HP: 82/103 MP: 14/14
 11897 | Abyss:3  | Noticed a lich
 11907 | Abyss:3  | Killed from afar by a lich

Vault maps used:
D:1:      dpeg_arrival_radiant, serial_glass, glass_columns_a, glass_columns_a
D:2:      minitemple
D:3:      lightli_sewer_entry_pipes, first_bread
D:4:      zin_scriptorium, cheibrodos_gnoll_hut, uniq_grinder
D:5:      fiery_altar_vehumet, minmay_temple_entry_fiery, serial_shops,
          nicolae_shop_waterfront, shop, serial_park_tiny_2,
          minmay_misc_feat_tiny, uniq_duvessa
D:6:      grunt_pakellas_salt, uniq_edmund, uniq_prince_ribbit1
D:7:      the_bakery
D:8:      serial_shops, nicolae_shop_behind_doors
D:9:      fedhas_altar_3, lemuel_oklob_altar, uniq_gastronok
D:10:     david_orc_5
D:11:     david_lair_shrubbed, lightli_minifort, uniq_grum
Temple:   lightli_temple_of_artemis
Lair:1:   statuecave_lemuel, patterned_corridor, serial_bayou_shore_b,
          lemuel_fruit_tree
Lair:2:   swamp_mist_pool, st_stairs_10, beast_lair_carwin_6, grunt_megastairs_2
Abyss:3:  lemuel_firewalk_3, hangedman_abyss_feature_spike
Sewer:    sewer_co_cracked_pipes

Skill      XL: |  1  2  3  4  5  6  7  8  9 10 11 12 |
---------------+-------------------------------------+-----
Axes           | 3 4 5 7 8 9 11 12 15 16 | 16.7
Shields        | 4 5 6 |  6.2
Evocations     | 1 3 4 5 |  5.0
Fighting       | 4 6 8 9 |  9.0
Armour         | 4 6 9 |  9.0
Dodging        | 5 |  5.0
Invocations    | 1 |  1.1

Action                   |  1- 3 |  4- 6 |  7- 9 | 10-12 || total
-------------------------+-------+-------+-------+-------++-------
Melee: War axe           |   102 |   146 |   174 |       ||   422
       Headbutt          |     7 |    17 |    38 |    61 ||   123
       Battleaxe         |       |       |    66 |   321 ||   387
Invok: Ancestor Life: He |       |       |       |     1 ||     1
       Recall Ancestor   |       |       |       |     1 ||     1
 Abil: Evoke Berserk Rag |       |       |     1 |       ||     1
Evoke: Wand              |       |       |       |     1 ||     1
  Use: Potion            |       |     1 |     8 |     1 ||    10
       Scroll            |       |       |    17 |     6 ||    23
 Stab: Distracted        |       |       |     1 |     1 ||     2
  Eat: Chunk             |     1 |     6 |    12 |     9 ||    28
       Beef jerky        |       |       |     2 |       ||     2
       Meat ration       |       |       |       |     2 ||     2
Armor: Scale mail        |    44 |    57 |    67 |       ||   168
       Chain mail        |       |       |    49 |    57 ||   106
       Plate armour      |       |       |       |   109 ||   109
Dodge: Dodged            |    44 |    32 |    64 |   145 ||   285
Block: Shield            |    58 |    77 |    90 |       ||   225
       Other             |       |       |       |     9 ||     9
